TOP OF THE 1ST |
Coastal Carolina University Chanticleers batting - Pitching for University of Southern California Trojans : RHP Matt Harris
|
Pitching: RHP Matt Harris
|
|
Batting: RHB Tatsunori Ishigaki
|
0-0: Called Strike 0-1: Ball 1-1: SINGLE (Groundball, 6MD, EV 102.5 MPH)
|
Batting: RHB Fernando Tovar
|
0-0: Foul Ball, location: 2F 0-1: Foul Ball, location: 2F 0-2: Ball 1-2: Foul Ball, location: 2F 1-2: Ball 2-2: Foul Ball, location: 2F 2-2: Ball 3-2: SINGLE (Line Drive, 8RS, EV 109.4 MPH) Tatsunori Ishigaki to second
|
Batting: LHB Orlando Hurtado
|
0-0: Foul Ball, location: 2F 0-1: Grounds into double play, 3-6-1 (Groundball, 34, EV 101.9 MPH) Tatsunori Ishigaki to third
|
Batting: RHB Isaac Washington
|
0-0: Fly out, F6 (Popup, 6S, EV 81.9 MPH)
|
Top of the 1st over - 0 runs, 2 hits, 0 errors, 1 left on base; Coastal Carolina University 0 - University of Southern California 0 |
BOTTOM OF THE 1ST |
University of Southern California Trojans batting - Pitching for Coastal Carolina University Chanticleers : RHP Matt Schnurer
|
Pitching: RHP Matt Schnurer
|
|
Batting: LHB Alonzo Catalan
|
0-0: Swinging Strike 0-1: SINGLE (Flyball, 5D, EV 86.2 MPH)
|
Batting: RHB Jochen Schanz
|
0-0: Called Strike 0-1: Ball Alonzo Catalan steals 2nd base 1-1: Ground out 5-3 (Groundball, 56, EV 108.8 MPH)
|
Batting: RHB Eric Baker
|
0-0: Called Strike 0-1: Foul Ball, location: 2F 0-2: Ball 1-2: Ball 2-2: Ball 3-2: Fly out, F8 (Flyball, 8LM, EV 92.5 MPH)
|
Batting: LHB Eli Evenson
|
0-0: Called Strike 0-1: Foul Ball, location: 2F 0-2: Strikes out swinging
|
Bottom of the 1st over - 0 runs, 1 hit, 0 errors, 1 left on base; Coastal Carolina University 0 - University of Southern California 0 |
TOP OF THE 2ND |
Coastal Carolina University Chanticleers batting - Pitching for University of Southern California Trojans : RHP Matt Harris
|
Batting: RHB Chris McDaniel
|
0-0: Ball 1-0: Called Strike 1-1: Ball 2-1: Foul Ball, location: 2F 2-2: Foul Ball, location: 2F 2-2: Fly out, F8 (Flyball, 8LM, EV 95.0 MPH)
|
Batting: LHB Justin Sanders
|
0-0: Ball 1-0: Swinging Strike 1-1: Ball 2-1: Foul Ball, location: 2F 2-2: Ball 3-2: Ground out U3 (Groundball, 3D, EV 80.6 MPH)
|
Batting: RHB Mike Grogan
|
0-0: Swinging Strike 0-1: Called Strike 0-2: Ball 1-2: Strikes out looking
|
Top of the 2nd over - 0 runs, 0 hits, 0 errors, 0 left on base; Coastal Carolina University 0 - University of Southern California 0 |
BOTTOM OF THE 2ND |
University of Southern California Trojans batting - Pitching for Coastal Carolina University Chanticleers : RHP Matt Schnurer
|
Batting: RHB Rick Acevedo
|
0-0: Ball 1-0: Foul Ball, location: 2F 1-1: Ball 2-1: Foul Ball, location: 2F 2-2: Ball 3-2: Fly out, F8 (Flyball, 8RD, EV 95.0 MPH)
|
Batting: RHB Jim Baltazar
|
0-0: Called Strike 0-1: SINGLE (Groundball, 56D, EV 96.9 MPH)
|
Batting: RHB Tri Kartini
|
0-0: Called Strike 0-1: Foul Ball, location: 2F 0-2: Strikes out looking
|
Batting: RHB John Sandberg
|
0-0: Ball Jim Baltazar is caught stealing 2nd base 2-4
|
Bottom of the 2nd over - 0 runs, 1 hit, 0 errors, 0 left on base; Coastal Carolina University 0 - University of Southern California 0 |
TOP OF THE 3RD |
Coastal Carolina University Chanticleers batting - Pitching for University of Southern California Trojans : RHP Matt Harris
|
Batting: SHB Iher Waithaka
|
0-0: Called Strike 0-1: Swinging Strike 0-2: Strikes out swinging
|
Batting: RHB Tristan Williams
|
0-0: Swinging Strike 0-1: Foul Ball, location: 2F 0-2: Foul Ball, location: 2F 0-2: Ball 1-2: Strikes out swinging
|
Batting: RHB Tatsunori Ishigaki
|
0-0: Called Strike 0-1: Ball 1-1: Called Strike 1-2: Ground out 5-3 (Groundball, 56, EV 78.1 MPH)
|
Top of the 3rd over - 0 runs, 0 hits, 0 errors, 0 left on base; Coastal Carolina University 0 - University of Southern California 0 |
BOTTOM OF THE 3RD |
University of Southern California Trojans batting - Pitching for Coastal Carolina University Chanticleers : RHP Matt Schnurer
|
Batting: RHB John Sandberg
|
0-0: SINGLE (Groundball, 56S, EV 65.0 MPH) (infield hit)
|
Batting: LHB Roger Kean
|
0-0: Ball 1-0: Swinging Strike 1-1: SINGLE (Groundball, 4MD, EV 97.5 MPH) John Sandberg to second Runner from 2nd tries for 3rd, SAFE, throw by CF made to third
|
Batting: LHB Alonzo Catalan
|
0-0: Ball 1-0: Foul Ball, location: 2F 1-1: Called Strike 1-2: Foul Ball, location: 2F 1-2: Strikes out swinging
|
Batting: RHB Jochen Schanz
|
0-0: Foul Ball, location: 2F 0-1: Ball 1-1: Foul Ball, location: 2F 1-2: Ball 2-2: Fielders Choice at 2nd, 4-6 (Groundball, 4, EV 109.4 MPH) John Sandberg scores
|
Batting: RHB Eric Baker
|
0-0: Called Strike 0-1: Ball 1-1: Ball 2-1: Called Strike 2-2: Fielders Choice at 2nd, 6-4 (Groundball, 6, EV 98.1 MPH)
|
Bottom of the 3rd over - 1 run, 2 hits, 0 errors, 1 left on base; Coastal Carolina University 0 - University of Southern California 1 |
TOP OF THE 4TH |
Coastal Carolina University Chanticleers batting - Pitching for University of Southern California Trojans : RHP Matt Harris
|
Batting: RHB Fernando Tovar
|
0-0: Fly out, F7 (Flyball, 7, EV 74.4 MPH)
|
Batting: LHB Orlando Hurtado
|
0-0: Ground out U3 (Groundball, 3, EV 86.2 MPH)
|
Batting: RHB Isaac Washington
|
0-0: Called Strike 0-1: Ball 1-1: Ball 2-1: Ball 3-1: Foul Ball, location: 2F 3-2: SINGLE (Popup, 6D, EV 57.5 MPH)
|
Batting: RHB Chris McDaniel
|
0-0: Called Strike 0-1: Foul Ball, location: 2F 0-2: Ball 1-2: Ball 2-2: Foul Ball, location: 2F 2-2: Fly out, F5 (Flyball, 5D, EV 91.9 MPH)
|
Top of the 4th over - 0 runs, 1 hit, 0 errors, 1 left on base; Coastal Carolina University 0 - University of Southern California 1 |
BOTTOM OF THE 4TH |
University of Southern California Trojans batting - Pitching for Coastal Carolina University Chanticleers : RHP Matt Schnurer
|
Batting: LHB Eli Evenson
|
0-0: Called Strike 0-1: Ball 1-1: TRIPLE (Flyball, 89XD, EV 108.8 MPH)
|
Pinch Runner at 3rd Mhelter Daulong:
|
|
Batting: RHB Rick Acevedo
|
0-0: Ball 1-0: Foul Ball, location: 2F 1-1: Called Strike 1-2: Fly out, F4 (Popup, 23, EV 87.5 MPH)
|
Batting: RHB Jim Baltazar
|
0-0: Called Strike 0-1: Ball 1-1: Foul Ball, location: 2F 1-2: Foul Ball, location: 2F 1-2: Strikes out looking
|
Batting: RHB Tri Kartini
|
0-0: Swinging Strike 0-1: Called Strike 0-2: Strikes out swinging
|
Bottom of the 4th over - 0 runs, 1 hit, 0 errors, 1 left on base; Coastal Carolina University 0 - University of Southern California 1 |
TOP OF THE 5TH |
Coastal Carolina University Chanticleers batting - Pitching for University of Southern California Trojans : RHP Matt Harris
|
Batting: LHB Justin Sanders
|
0-0: Called Strike 0-1: Called Strike 0-2: Strikes out swinging
|
Batting: RHB Mike Grogan
|
0-0: Foul Ball, location: 2F 0-1: Called Strike 0-2: Ball 1-2: Ground out 4-3 (Groundball, 4, EV 93.1 MPH)
|
Batting: SHB Iher Waithaka
|
0-0: Called Strike 0-1: Fly out, F8 (Flyball, 8LD, EV 103.8 MPH)
|
Top of the 5th over - 0 runs, 0 hits, 0 errors, 0 left on base; Coastal Carolina University 0 - University of Southern California 1 |
BOTTOM OF THE 5TH |
University of Southern California Trojans batting - Pitching for Coastal Carolina University Chanticleers : RHP Matt Schnurer
|
Batting: RHB John Sandberg
|
0-0: Called Strike 0-1: Fly out, F8 (Flyball, 8LD, EV 106.2 MPH)
|
Batting: LHB Roger Kean
|
0-0: Ball 1-0: Called Strike 1-1: SINGLE (Groundball, 34D, EV 103.8 MPH)
|
Batting: LHB Alonzo Catalan
|
0-0: Foul Ball, location: 2F 0-1: Ball 1-1: Swinging Strike 1-2: Fielders Choice at 2nd, 4-6 (Groundball, 4, EV 105.0 MPH)
|
Batting: RHB Jochen Schanz
|
0-0: Called Strike Alonzo Catalan is caught stealing 2nd base 2-4
|
Bottom of the 5th over - 0 runs, 1 hit, 0 errors, 0 left on base; Coastal Carolina University 0 - University of Southern California 1 |
TOP OF THE 6TH |
Coastal Carolina University Chanticleers batting - Pitching for University of Southern California Trojans : RHP Matt Harris
|
Batting: RHB Tristan Williams
|
0-0: Ball 1-0: Ball 2-0: Called Strike 2-1: Ball 3-1: Called Strike 3-2: Fly out, F8 (Flyball, 8LM, EV 91.9 MPH)
|
Batting: RHB Tatsunori Ishigaki
|
0-0: DOUBLE (Flyball, 89XD, EV 95.6 MPH)
|
Batting: RHB Fernando Tovar
|
0-0: Foul Ball, location: 2F 0-1: Ball 1-1: Swinging Strike 1-2: Strikes out swinging
|
Pitching: RHP Tyshawn Calvin
|
|
Pinch Hitting: RHB Oscar Hernandez
|
0-0: Called Strike 0-1: SINGLE (Groundball, 56S, EV 70.0 MPH) (infield hit) Tatsunori Ishigaki to third
|
Pinch Hitting: RHB Rene Napoles
|
0-0: Foul Ball, location: 2F 0-1: Called Strike 0-2: Ball 1-2: Strikes out looking
|
Top of the 6th over - 0 runs, 2 hits, 0 errors, 2 left on base; Coastal Carolina University 0 - University of Southern California 1 |
BOTTOM OF THE 6TH |
University of Southern California Trojans batting - Pitching for Coastal Carolina University Chanticleers : RHP Matt Schnurer
|
Now at 1B: Nate Kokx
|
|
Now at 2B: Tatsunori Ishigaki
|
|
Now at SS: Rene Napoles
|
|
Batting: RHB Jochen Schanz
|
0-0: Called Strike 0-1: Ball 1-1: Foul Ball, location: 2F 1-2: Strikes out swinging
|
Batting: RHB Eric Baker
|
0-0: Ball 1-0: Foul Ball, location: 2F 1-1: Foul Ball, location: 2F 1-2: Ball 2-2: SINGLE (Groundball, 6D, EV 104.4 MPH)
|
Batting: SHB Mhelter Daulong
|
0-0: Ball 1-0: Ball 2-0: 2-RUN HOME RUN (Flyball, 9D, EV 97.5 MPH), Distance : 383 ft
|
Batting: RHB Rick Acevedo
|
0-0: Called Strike 0-1: Called Strike 0-2: Ball 1-2: Ball 2-2: DOUBLE (Line Drive, 9LD, EV 105.0 MPH)
|
Batting: RHB Jim Baltazar
|
0-0: Ball 1-0: Swinging Strike 1-1: Ball 2-1: Ball 3-1: Foul Ball, location: 2F 3-2: Fly out, F9 (Flyball, 9D, EV 93.8 MPH) Runner from 2nd tags up, SAFE at 3rd, no throw by RF
|
Pitching: LHP Rich Holliday
|
|
Batting: RHB Tri Kartini
|
0-0: Foul Ball, location: 2F 0-1: Swinging Strike 0-2: Ball 1-2: Ball 2-2: SINGLE (Groundball, 56S, EV 68.8 MPH) (infield hit) Rick Acevedo scores
|
Batting: RHB John Sandberg
|
0-0: Called Strike 0-1: Ball 1-1: SINGLE (Groundball, 4D, EV 95.6 MPH) Tri Kartini to second Runner from 2nd tries for 3rd, SAFE, throw by CF made to third
|
Batting: LHB Roger Kean
|
0-0: Ball 1-0: Ball 2-0: Ball 3-0: Called Strike 3-1: Foul Ball, location: 2F 3-2: Foul Ball, location: 2F 3-2: Strikes out swinging
|
Bottom of the 6th over - 3 runs, 5 hits, 0 errors, 2 left on base; Coastal Carolina University 0 - University of Southern California 4 |
TOP OF THE 7TH |
Coastal Carolina University Chanticleers batting - Pitching for University of Southern California Trojans : RHP Tyshawn Calvin
|
Batting: RHB Chris McDaniel
|
0-0: Ground out 3-1 (Groundball, 34S, EV 81.9 MPH)
|
Batting: LHB Justin Sanders
|
0-0: SINGLE (Flyball, 6D, EV 91.9 MPH)
|
Batting: RHB Mike Grogan
|
0-0: Fly out, F8 (Line Drive, 8RD, EV 90.6 MPH)
|
Batting: SHB Iher Waithaka
|
0-0: Called Strike Justin Sanders steals 2nd base 0-1: Foul Ball, location: 2F 0-2: Foul Ball, location: 2F 0-2: Strikes out swinging
|
Top of the 7th over - 0 runs, 1 hit, 0 errors, 1 left on base; Coastal Carolina University 0 - University of Southern California 4 |
BOTTOM OF THE 7TH |
University of Southern California Trojans batting - Pitching for Coastal Carolina University Chanticleers : LHP Rich Holliday
|
Pitching: RHP Jeff Box
|
|
Batting: LHB Alonzo Catalan
|
0-0: Ground out 4-3 (Groundball, 13, EV 82.5 MPH)
|
Batting: RHB Jochen Schanz
|
0-0: Ball 1-0: Called Strike 1-1: Ball 2-1: Swinging Strike 2-2: Strikes out swinging
|
Batting: RHB Eric Baker
|
0-0: Reached on error, E5 (Groundball, 56, EV 90.6 MPH)
|
Batting: SHB Mhelter Daulong
|
0-0: Called Strike 0-1: Foul Ball, location: 2F 0-2: Ball 1-2: Foul Ball, location: 2F 1-2: Foul Ball, location: 2F 1-2: Foul Ball, location: 2F 1-2: SINGLE (Line Drive, 7LS, EV 98.8 MPH) Eric Baker to second
|
Batting: RHB Rick Acevedo
|
0-0: Foul Ball, location: 2F 0-1: Swinging Strike 0-2: Strikes out looking
|
Bottom of the 7th over - 0 runs, 1 hit, 1 error, 2 left on base; Coastal Carolina University 0 - University of Southern California 4 |
TOP OF THE 8TH |
Coastal Carolina University Chanticleers batting - Pitching for University of Southern California Trojans : RHP Tyshawn Calvin
|
Batting: RHB Tristan Williams
|
0-0: Fly out, F9 (Line Drive, 9D, EV 106.2 MPH)
|
Batting: RHB Tatsunori Ishigaki
|
0-0: Called Strike 0-1: Ball 1-1: Ball 2-1: Ball 3-1: Base on Balls
|
Batting: RHB Fernando Tovar
|
0-0: Ball 1-0: Foul Ball, location: 2F 1-1: Ball 2-1: Ball 3-1: Base on Balls Tatsunori Ishigaki to second
|
Batting: LHB Nate Kokx
|
0-0: Ball 1-0: Ball 2-0: Ball 3-0: Called Strike 3-1: Foul Ball, location: 2F 3-2: Foul Ball, location: 2F 3-2: Strikes out swinging
|
Batting: RHB Rene Napoles
|
0-0: Ball 1-0: Fielders Choice at 2nd, 5-4 (Groundball, 56, EV 78.8 MPH)
|
Top of the 8th over - 0 runs, 0 hits, 0 errors, 2 left on base; Coastal Carolina University 0 - University of Southern California 4 |
BOTTOM OF THE 8TH |
University of Southern California Trojans batting - Pitching for Coastal Carolina University Chanticleers : RHP Jeff Box
|
Pitching: LHP Kurt Koehn
|
|
Batting: RHB Jim Baltazar
|
0-0: Called Strike 0-1: Ball 1-1: Swinging Strike 1-2: Strikes out swinging
|
Batting: RHB Tri Kartini
|
0-0: Foul Ball, location: 2F 0-1: Foul Ball, location: 2F 0-2: Foul Ball, location: 2F 0-2: Ball 1-2: Strikes out swinging
|
Batting: RHB John Sandberg
|
0-0: Fly out, F7 (Flyball, 7S, EV 80.6 MPH)
|
Bottom of the 8th over - 0 runs, 0 hits, 0 errors, 0 left on base; Coastal Carolina University 0 - University of Southern California 4 |
TOP OF THE 9TH |
Coastal Carolina University Chanticleers batting - Pitching for University of Southern California Trojans : RHP Tyshawn Calvin
|
Batting: RHB Chris McDaniel
|
0-0: Ball 1-0: Fly out, F9 (Line Drive, 89S, EV 100.0 MPH)
|
Batting: LHB Justin Sanders
|
0-0: Called Strike 0-1: Reached on error, E4 (Groundball, 4, EV 101.2 MPH)
|
Batting: RHB Mike Grogan
|
0-0: Ball 1-0: Foul Ball, location: 2F 1-1: SINGLE (Groundball, 34D, EV 94.4 MPH) Justin Sanders to third
|
Pitching: RHP Lorenzo Garcia
|
|
Batting: SHB Iher Waithaka
|
0-0: Ball 1-0: Swinging Strike 1-1: Ball 2-1: Foul Ball, location: 2F 2-2: Strikes out swinging
|
Batting: RHB Tristan Williams
|
0-0: Ball 1-0: Foul Ball, location: 2F 1-1: Ball 2-1: Foul Ball, location: 2F 2-2: Foul Ball, location: 2F 2-2: Strikes out swinging
|
Top of the 9th over - 0 runs, 1 hit, 1 error, 2 left on base; Coastal Carolina University 0 - University of Southern California 4 |
|